 Dungeon Crawl Stone Soup version 0.20-a0-751-g905781e (webtiles) character file.

132996 AlphabetPasta the Gelid (level 17, 0/149 HPs)
             Began as an Ogre Ice Elementalist on Feb 24, 2017.
             Was a High Priest of Sif Muna.
             Killed from afar by Aizul (19 damage)
             ... with a bolt of poison
             ... on level 1 of the Snake Pit on Feb 25, 2017.
             The game lasted 03:41:39 (38431 turns).

AlphabetPasta the Gelid (Ogre Ice Elementalist)    Turns: 38431, Time: 03:41:42

Health: 0/149      AC:  8    Str: 19    XL:     17   Next: 13%
Magic:  8/35       EV: 11    Int: 25    God:    Sif Muna [*****.]
Gold:   2042       SH:  0    Dex:  9    Spells: 2/44 levels left

rFire    . . .     SeeInvis .   e - staff of cold
rCold    + + .     Gourm    .   k - +0 troll leather armour of the Orange Skies {MR+ Regen+ Str+3 Int+4} (curse)
rNeg     . . .     Faith    .   (no shield)
rPois    .         Spirit   .   (helmet restricted)
rElec    .         Reflect  .   g - +1 cloak
rCorr    .         Harm     .   (gloves unavailable)
MR       ++...                  (boots unavailable)
Stlth    +.........             o - amulet of magic regeneration
Regen    0.8/turn               C - ring of protection from fire
MPRegen  0.4/turn               H - ring of ice

@: lethally poisoned (0 -> -6)
A: unfitting armour, tough skin 1
a: Divine Energy, Channel Magic, Forget Spell, Renounce Religion


You were on level 1 of the Snake Pit.
You worshipped Sif Muna.
Sif Muna was extremely pleased with you.
You were not hungry.

You visited 5 branches of the dungeon, and saw 25 of its levels.
You also visited: Labyrinth, Sewer, Ice Cave and Volcano.

You collected 2886 gold pieces.
You spent 844 gold pieces at shops.

Inventory:

Hand Weapons
 u - a +4 rapier of protection
 J - a +0 quarterstaff of freezing
Armour
 g - a +1 cloak (worn)
 k - the cursed +0 troll leather armour of the Orange Skies (worn) {MR+ Regen+ Str+3 Int+4}
   (You bought it in a shop on level 2 of the Orcish Mines)

   It affects your strength (+3).
   It affects your intelligence (+4).
   It affects your resistance to hostile enchantments.
   It increases your rate of regeneration.
   It has a curse placed upon it.
 Y - a +0 shield
Magical Staves
 e - an uncursed staff of cold (weapon)
 P - an uncursed staff of summoning
 Q - an uncursed staff of conjuration
Jewellery
 n - an uncursed ring of ice
 o - an amulet of magic regeneration (around neck)
 q - the ring of Starshine {*Tele rPois rN+ MR- Str+7 Dex-4}
   (You found it on level 11 of the Dungeon)

   [ring of teleportation]

   It may teleport you next to monsters.
   It affects your strength (+7).
   It affects your dexterity (-4).
   It protects you from poison.
   It protects you from negative energy.
   It affects your resistance to hostile enchantments.
 x - an uncursed ring of protection from cold
 B - an uncursed ring of resist corrosion
 C - a ring of protection from fire (right hand)
 E - an uncursed ring of see invisible
 H - a ring of ice (left hand)
Wands
 p - a wand of clouds (5/9)
 v - a wand of acid (1/15)
 y - a wand of digging (0/24)
 z - a wand of iceblast (0/15)
 D - a wand of confusion (18/48)
 G - a wand of acid (4/15)
 I - a wand of confusion (38/48)
 K - a wand of lightning (12/15)
 L - a wand of paralysis (15/24)
 M - a wand of disintegration (11/24)
 O - a wand of acid (4/15)
Scrolls
 a - 6 scrolls of remove curse
 d - a scroll of fog
 f - 8 scrolls of enchant weapon
 i - 2 scrolls of fear
 j - 5 scrolls of enchant armour
 l - 2 scrolls of blinking
 m - a scroll of holy word
 t - 5 scrolls of teleportation
 T - 4 scrolls of recharging
 W - 2 scrolls of magic mapping
 Z - 3 scrolls of identify
Potions
 b - 2 potions of brilliance
 s - 3 potions of curing
 w - 9 potions of flight
 N - 2 potions of ambrosia
 R - 3 potions of haste
 U - a potion of resistance
Books
 F - a book of the Earth

   Spells                             Type                      Level
   a - Leda's Liquefaction            Hexes/Earth                  4
   b - Bolt of Magma                  Conjuration/Fire/Earth       5
   c - Statue Form                    Transmutation/Earth          6
   d - Iron Shot                      Conjuration/Earth            6
   e - Shatter                        Earth                        9
 V - a book of Ice

   Spells                             Type                      Level
   a - Ice Form                       Ice/Transmutation            4
   b - Metabolic Englaciation         Hexes/Ice                    5
   c - Ozocubu's Refrigeration        Ice                          6
   d - Bolt of Cold                   Conjuration/Ice              6
   e - Freezing Cloud                 Conjuration/Ice/Air          6
   f - Simulacrum                     Ice/Necromancy               6
Comestibles
 c - 20 bread rations
 h - 10 meat rations


   Skills:
 - Level 5.1 Fighting
 - Level 1.4 Staves
 - Level 5.3 Armour
 - Level 5.0 Dodging
 - Level 1.4 Stealth
 + Level 6.2 Shields
 + Level 14.0 Spellcasting
 + Level 12.3 Conjurations
 * Level 16.3 Ice Magic
 + Level 8.1 Earth Magic
 - Level 9.0 Invocations


You had 2 spell levels left.
You knew the following spells:

 Your Spells              Type           Power        Failure   Level  Hunger
a - Freeze                Ice            ####         0%          1    None
b - Throw Frost           Conj/Ice       ######       0%          2    None
c - Ozocubu's Armour      Chrm/Ice       #######.     1%          3    None
d - Throw Icicle          Conj/Ice       ########     1%          4    None
e - Iron Shot             Conj/Erth      ######....   12%         6    ####...
f - Freezing Cloud        Conj/Ice/Air   #######...   12%         6    ####...
g - Ozocubu's Refrigerat  Ice            ########..   1%          6    ####...
h - Bolt of Cold          Conj/Ice       ########..   1%          6    ####...
i - Stone Arrow           Conj/Erth      ######       1%          3    None
j - Lee's Rapid Deconstr  Erth           ######....   4%          5    ##.....


Dungeon Overview and Level Annotations

Branches:
Dungeon (15/15)            Temple (1/1) D:7            Lair (6/6) D:8
 Shoals (0/4) Lair:2        Snake (1/4) Lair:2        Slime (0/5) Lair:6
    Orc (2/2) D:10            Elf (0/3) Orc:2        Vaults (0/5) D:13
 Depths (0/5) D:15

Altars:
Ashenzari
Cheibriados
Dithmenos
Elyvilon
Fedhas
Gozag
Hepliaklqana
Kikubaaqudgha
Makhleb
Nemelex Xobeh
Okawaru
Qazlal
Ru
Sif Muna
Trog
Uskayaw
Vehumet
Wu Jian
Xom
Yredelemnul
Zin
The Shining One
Beogh
Jiyva

Shops:
D:6 }   D:10 [   D:14 *   Orc:1 ?   Orc:2 ?}[*=

Annotations:
D:8 Devintownsend's ghost, novice MiFi
Lair:2 exclusion: oklob plant
Snake:1 Aizul


Innate Abilities, Weirdness & Mutations

You are too large for most types of armour.
You have tough skin. (AC +1)


Message History

Confirm with . or Enter, or press ? or * to list all spells.
Aiming: Throw Icicle
Press: ? - help, Shift-Dir - straight line, f/p - Aizul
Aim: Aizul (freezing vapour, severely wounded)
You feel a strong surge of power!
The shard of ice misses Aizul.
Aizul is engulfed in freezing vapours.
Aizul hits you!
* * * LOW HITPOINT WARNING * * *
Casting: Throw Icicle
Confirm with . or Enter, or press ? or * to list all spells.
Aiming: Throw Icicle
Press: ? - help, Shift-Dir - straight line, f/p - Aizul
Aim: Aizul (freezing vapour, severely wounded)
You feel a strong surge of power!
The shard of ice misses Aizul.
Aizul is engulfed in freezing vapours.
Aizul hits you!
* * * LOW HITPOINT WARNING * * *
Aizul is engulfed in freezing vapours.
Aizul casts a spell at you. The bolt of poison hits you!
You are poisoned.
You die...

+... #.. #..# #.. #..#
#... #..# #..§. #..#
#+## ##.§§# #..#
#..######
#..§§§##..######........
#...§§S#.).))...........
+...§§§@..######..#####
#...§§§'..######..#
#......'..........######
#......#................
#......#................
##.....####.>###........
#......####..###..######
#......+..........#
+.......)..#


You could see Aizul.

Vanquished Creatures
  Rupert (Lair:3)
  Frances (D:14)
  Roxanne (D:15)
  Donald (Orc:2)
  The ghost of plsesad the Warrior, a journeyman MiGl of Wu Jian (D:15)
  A frost giant (IceCv)
  Louise (D:15)
  Nessos (D:12)
  5 dire elephants (Lair:6)
  A minotaur (Lab)
  The ghost of Sixotanaka the Protected, a journeyman BaFi of Okawaru (Lair:5)
  Josephine (Orc:2)
  A great orb of eyes (D:15)
  Fannar (Lair:3)
  An ogre mage (D:15)
  A fire dragon (Lair:1)
  3 ice dragons (D:15)
  7 hydras
  2 anacondas
  2 death knights
  A naga warrior (Snake:1)
  2 centaur warriors (D:13)
  8 two-headed ogres
  Erica (Orc:1)
  2 death yaks (IceCv)
  A tengu warrior (D:13)
  Urug (Lair:3)
  A shock serpent (Snake:1)
  3 orc high priests (Orc:2)
  A naga sharpshooter (Snake:1)
  Nergalle (Orc:1)
  5 skeletal warriors
  A fire crab (Volcano)
  An unseen horror (D:15)
  A lindwurm (Volcano)
  A naga ritualist (Snake:1)
  A phantasmal warrior (D:14)
  15 ugly things
  5 orc knights
  4 cyclopes
  4 orc sorcerers
  2 deep elf magi
  13 elephants
  An oklob plant (Lair:6)
  4 manticores
  3 centaur zombies
  A salamander (Snake:1)
  An ice statue (IceCv)
  A guardian serpent (Snake:1)
  9 black mambas
  Maurice (D:12)
  3 torpor snails (Lair:5)
  8 spiny frogs
  A kobold demonologist (D:14)
  11 komodo dragons
  2 rime drakes (Lair:4)
  5 yaktaurs (D:15)
  A freezing wraith (D:14)
  A meliai (shapeshifter) (D:13)
  A queen bee (D:11)
  14 trolls
  A jumping spider (shapeshifter) (D:14)
  A hornet (D:11)
  A minotaur skeleton (Lab)
  14 polar bears
  8 blink frogs
  Prince Ribbit (D:8)
  A raiju (shapeshifter) (D:13)
  15 hippogriffs
  5 slime creatures (D:13)
  Grinder (D:5)
  A meliai zombie (D:15)
  3 shadows
  A centaur simulacrum (D:15)
  4 redbacks (Lab)
  6 wraiths
  47 yaks
  13 fire bats (Volcano)
  A vampire (D:13)
  7 wyverns
  4 vampire mosquitoes (D:12)
  A basilisk (Lair:6)
  6 hungry ghosts
  A steam dragon (Volcano)
  Menkaure (D:6)
  Edmund (D:5)
  A warg (Orc:2)
  12 nagas
  A soldier ant (shapeshifter) (D:15)
  10 water moccasins
  2 hell hounds (Volcano)
  An acid dragon (D:11)
  13 porcupines
  Duvessa (D:5)
  30 orc warriors
  A swamp drake (D:10)
  A floating eye (shapeshifter) (D:13)
  4 sky beasts
  5 ice beasts
  A hornet zombie (D:5)
  5 phantoms
  14 ogres
  21 wolves
  2 black bears
  23 centaurs
  A necrophage (D:14)
  9 crocodiles
  The ghost of BigBall the Ruffian, an amateur GrMo (D:3)
  2 big kobolds
  14 bullfrogs
  Blork the orc (D:6)
  A gnoll sergeant (D:10)
  A wyvern zombie (D:11)
  Dowan (D:5)
  6 scorpions
  39 killer bees
  A water moccasin skeleton (D:4)
  5 wights (D:9)
  2 howler monkeys
  An electric eel (Lair:2)
  10 crimson imps
  6 lava snakes (Volcano)
  2 quasits
  2 bullfrog zombies
  34 orc wizards
  5 bullfrog skeletons
  A gnoll shaman (D:6)
  25 orc priests
  11 hounds
  6 jellies
  7 centaur skeletons
  6 iguanas
  14 worker ants
  Terence (D:2)
  A hound zombie (D:11)
  22 gnolls
  13 adders
  2 shadow imps
  An ooze (D:4)
  An adder skeleton (D:7)
  3 worms
  A dart slug (D:1)
  13 leopard geckos
  123 orcs
  3 ball pythons (Sewer)
  3 bats
  11 giant cockroaches
  8 goblins
  9 hobgoblins
  13 jackals
  8 quokkas
  11 frilled lizards
  21 kobolds
  3 quokka skeletons
  A quokka zombie (D:5)
  7 rats
  8 fungi
  10 plants (Lair:5)
981 creatures vanquished.

Vanquished Creatures (others)
  An orc wizard (Orc:2)
  15 fungi
  14 plants
30 creatures vanquished.

Grand Total: 1011 creatures vanquished

Notes
Turn   | Place    | Note
-------+----------+-------------------------------------------
     0 | D:1      | AlphabetPasta the Ogre Ice Elementalist began the quest for the Orb.
     0 | D:1      | Reached XP level 1. HP: 16/16 MP: 3/3
    67 | D:1      | Reached skill level 3 in Ice Magic
    67 | D:1      | Reached XP level 2. HP: 20/24 MP: 3/5
    71 | D:1      | Learned a level 2 spell: Throw Frost
    93 | D:1      | Reached skill level 1 in Conjurations
   593 | D:1      | Reached XP level 3. HP: 32/32 MP: 2/7
   598 | D:1      | Learned a level 3 spell: Ozocubu's Armour
  1036 | D:2      | Learned a level 3 spell: Ozocubu's Armour
  1225 | D:2      | Noticed Terence
  1239 | D:2      | Reached XP level 4. HP: 34/40 MP: 8/8
  1243 | D:2      | Killed Terence
  1243 | D:2      | Reached skill level 1 in Fighting
  1568 | D:2      | Reached skill level 4 in Ice Magic
  1669 | D:2      | Reached XP level 5. HP: 44/48 MP: 5/9
  1954 | D:2      | Learned a level 4 spell: Throw Icicle
  1965 | D:3      | Noticed BigBall's ghost (amateur GrMo)
  1981 | D:3      | Killed BigBall's ghost
  2367 | D:3      | Found a glowing drain.
  2372 | Sewer    | Entered a sewer
  2449 | Sewer    | Reached XP level 6. HP: 57/57 MP: 7/11
  3326 | D:3      | Reached skill level 5 in Ice Magic
  3326 | D:3      | Reached XP level 7. HP: 67/67 MP: 10/13
  5015 | D:5      | Entered Level 5 of the Dungeon
  5055 | D:5      | Noticed Dowan
  5058 | D:5      | Noticed Duvessa
  5067 | D:5      | Noticed Prince Ribbit
  5071 | D:5      | Killed Duvessa
  5071 | D:5      | Reached XP level 8. HP: 49/79 MP: 5/15
  5076 | D:5      | Killed Dowan
  5300 | D:5      | Noticed Edmund
  5330 | D:5      | Killed Edmund
  5330 | D:5      | Reached skill level 5 in Spellcasting
  5330 | D:5      | Reached skill level 6 in Ice Magic
  5525 | D:5      | Found a stormy altar of Qazlal.
  5591 | D:5      | Reached skill level 10 in Ice Magic
  5591 | D:5      | Reached XP level 9. HP: 86/87 MP: 15/21
  5592 | D:5      | Reached skill level 5 in Dodging
  5592 | D:5      | Reached XP level 10. HP: 93/94 MP: 15/22
  5647 | D:5      | Noticed Grinder
  5695 | D:5      | Reached skill level 5 in Fighting
  5746 | D:5      | Paralysed by Grinder for 2 turns
  5748 | D:5      | Killed Grinder
  8186 | D:6      | Noticed Menkaure
  8187 | D:6      | Killed Menkaure
  8281 | D:6      | Noticed Blork the orc
  8285 | D:6      | Killed Blork the orc
  8709 | D:6      | Found Butret's Gadget Shoppe.
  8876 | D:6      | Found a bloodstained altar of Trog.
  9237 | D:7      | Found a shimmering altar of Xom.
  9275 | D:7      | Reached XP level 11. HP: 37/102 MP: 1/23
  9452 | D:7      | Reached skill level 1 in Staves
  9508 | D:7      | Found a staircase to the Ecumenical Temple.
  9528 | Temple   | Entered the Ecumenical Temple
  9657 | Temple   | Became a worshipper of Sif Muna the Loreminder
 10172 | D:7      | Found a bloodstained altar of Trog.
 10531 | D:7      | Reached skill level 1 in Invocations
 10687 | D:8      | Noticed Devintownsend's ghost (novice MiFi)
 10891 | D:8      | Killed Prince Ribbit
 11094 | D:8      | Reached * piety under Sif Muna
 11314 | D:8      | Found a staircase to the Lair.
 12117 | D:8      | Reached skill level 11 in Ice Magic
 12721 | D:9      | Noticed a hand axe
 12721 | D:9      | Noticed a hand axe
 12722 | D:9      | Found a hide-covered altar of Uskayaw.
 13110 | D:9      | Identified a scroll of acquirement
 13585 | D:10     | Entered Level 10 of the Dungeon
 13585 | D:10     | Found Nobar's Armour Emporium.
 13585 | D:10     | Noticed a two-headed ogre
 13588 | D:10     | Killed a two-headed ogre
 14418 | D:10     | Reached ** piety under Sif Muna
 14450 | D:10     | Found a staircase to the Orcish Mines.
 15261 | D:10     | Noticed a purple ugly thing
 15264 | D:10     | Killed a purple ugly thing
 15592 | D:11     | Reached XP level 12. HP: 111/111 MP: 15/25
 15975 | D:11     | Reached skill level 10 in Spellcasting
 16708 | D:11     | Reached *** piety under Sif Muna
 17007 | D:11     | Noticed a two-headed ogre
 17019 | D:11     | Killed a two-headed ogre
 17019 | D:11     | Reached skill level 12 in Ice Magic
 17019 | D:11     | Reached skill level 5 in Invocations
 17760 | D:11     | Got a vibrating lead ring
 18163 | D:11     | Identified the ring of Starshine {*Tele rPois rN+ MR- Str+7 Dex-4} (You found it on level 11 of the Dungeon)
 18754 | D:12     | Noticed Maurice
 18868 | D:12     | Found a labyrinth entrance.
 18881 | D:12     | Upgraded the game from 0.20-a0-738-gb057e68 to 0.20-a0-742-ge594533
 18883 | Lab      | Entered a labyrinth
 19236 | Lab      | Reached XP level 13. HP: 118/118 MP: 16/27
 19624 | Lab      | Noticed a minotaur
 19640 | Lab      | Killed a minotaur
 19664 | Lab      | Learned a level 6 spell: Iron Shot
 20062 | D:12     | Reached skill level 1 in Earth Magic
 20158 | D:12     | Killed Maurice
 20333 | D:12     | Reached **** piety under Sif Muna
 20371 | D:12     | Noticed Nessos
 20378 | D:12     | Killed Nessos
 20667 | D:12     | Reached skill level 13 in Ice Magic
 20881 | Lair:1   | Entered Level 1 of the Lair of Beasts
 21162 | Lair:1   | Noticed a fire dragon
 21174 | Lair:1   | Killed a fire dragon
 21250 | Lair:1   | Found a dark tunnel.
 21258 | Volcano  | Entered a volcano
 21505 | Volcano  | Found a radiant altar of Vehumet.
 21545 | Volcano  | Found a bloodstained altar of Trog.
 23262 | Lair:2   | Found a staircase to the Snake Pit.
 23376 | Lair:2   | Found a staircase to the Shoals.
 23627 | Lair:3   | Reached XP level 14. HP: 126/127 MP: 11/29
 24115 | Lair:3   | Identified the Grimoire of the Jackalope
 24276 | Lair:3   | Noticed Rupert
 24288 | Lair:3   | Killed Rupert
 24337 | Lair:3   | Noticed Urug
 24348 | Lair:3   | Killed Urug
 24799 | Lair:3   | Noticed Fannar
 24819 | Lair:3   | Killed Fannar
 25091 | Lair:4   | Found a frozen archway.
 25103 | Lair:4   | Reached skill level 14 in Ice Magic
 25171 | IceCv    | Entered an ice cave
 25498 | IceCv    | Upgraded the game from 0.20-a0-742-ge594533 to 0.20-a0-751-g905781e
 25750 | IceCv    | Reached skill level 10 in Conjurations
 26227 | IceCv    | Reached skill level 5 in Earth Magic
 26389 | IceCv    | Reached ***** piety under Sif Muna
 26389 | IceCv    | Identified Sif Muna's Papyrus of the Sea (Sif Muna gifted it to you in an ice cave)
 26389 | IceCv    | Received a gift from Sif Muna
 26400 | IceCv    | Learned a level 6 spell: Freezing Cloud
 26752 | IceCv    | Noticed a frost giant
 26770 | IceCv    | Killed a frost giant
 27310 | Lair:4   | Reached XP level 15. HP: 133/133 MP: 15/31
 27318 | Lair:4   | Learned a level 6 spell: Ozocubu's Refrigeration
 27325 | Lair:4   | Learned a level 6 spell: Bolt of Cold
 28245 | Lair:5   | Found a snail-covered altar of Cheibriados.
 28476 | Lair:5   | Noticed Sixotanaka's ghost (journeyman BaFi)
 28482 | Lair:5   | Killed Sixotanaka's ghost
 28641 | Lair:6   | Entered Level 6 of the Lair of Beasts
 28711 | Lair:6   | Found a viscous altar of Jiyva.
 28711 | Lair:6   | Found a staircase to the Slime Pits.
 30326 | Orc:1    | Entered Level 1 of the Orcish Mines
 30326 | Orc:1    | Found Pyrhic's Magic Scroll Emporium.
 30478 | Orc:2    | Entered Level 2 of the Orcish Mines
 30491 | Orc:2    | Found a roughly hewn altar of Beogh.
 30720 | Orc:2    | Found a staircase to the Elven Halls.
 30736 | Orc:1    | Noticed Erica
 30736 | Orc:1    | Noticed Nergalle
 30737 | Orc:1    | Reached skill level 15 in Ice Magic
 30740 | Orc:1    | Killed Nergalle
 30742 | Orc:1    | Killed Erica
 30815 | Orc:1    | Identified Voquzxo's Papyrus of Stones (Sif Muna gifted it to you on level 1 of the Orcish Mines)
 30815 | Orc:1    | Received a gift from Sif Muna
 31276 | Orc:2    | Found Jejudono's Magic Scroll Shoppe.
 31276 | Orc:2    | Found Divoxol's Assorted Antiques.
 31276 | Orc:2    | Found Jagiog's Gadget Shoppe.
 31276 | Orc:2    | Found Liuproc's Armour Boutique.
 31284 | Orc:2    | Noticed Donald
 31513 | Orc:2    | Killed Donald
 31791 | Orc:2    | Noticed Josephine
 31794 | Orc:2    | Killed Josephine
 31895 | Orc:2    | Reached skill level 5 in Shields
 32141 | Orc:2    | Reached XP level 16. HP: 111/141 MP: 1/33
 32175 | Orc:2    | Bought an amethyst potion for 21 gold pieces
 32175 | Orc:2    | Bought a potion of brilliance for 96 gold pieces
 32175 | Orc:2    | Bought a scroll labeled OBLUDDEUTI for 24 gold pieces
 32181 | Orc:2    | Bought 3 scrolls of identify for 78 gold pieces
 32181 | Orc:2    | Bought a scroll of blinking for 97 gold pieces
 32188 | Orc:2    | Bought the cursed +0 troll leather armour of the Orange Skies {MR+ Regen+ Str+3 Int+4} for 432 gold pieces
 32249 | Orc:2    | Found Ysaby's Jewellery Shoppe.
 32327 | Orc:2    | Bought a cursed amulet of inaccuracy for 24 gold pieces
 32727 | D:13     | Reached skill level 5 in Armour
 33235 | D:13     | Found a gate to the Vaults.
 34247 | D:14     | Found Voqoduen's Assorted Antiques.
 34255 | D:14     | Bought a scroll of teleportation for 72 gold pieces
 34507 | D:14     | Noticed Frances
 34511 | D:14     | Killed Frances
 35090 | D:15     | Entered Level 15 of the Dungeon
 35107 | D:15     | Identified Sif Muna's Incunabulum of Shifting Clay (Sif Muna gifted it to you on level 15 of the Dungeon)
 35107 | D:15     | Received a gift from Sif Muna
 35406 | D:15     | Learned a level 3 spell: Stone Arrow
 35528 | D:15     | Noticed Louise
 35532 | D:15     | Killed Louise
 35676 | D:15     | Noticed Roxanne
 35684 | D:15     | Learned a level 5 spell: Lee's Rapid Deconstruction
 35690 | D:15     | Killed Roxanne
 35861 | D:15     | Noticed plsesad's ghost (journeyman MiGl)
 36590 | D:15     | Killed plsesad's ghost
 36590 | D:15     | Reached skill level 16 in Ice Magic
 36869 | D:15     | Found a staircase to the Depths.
 37394 | D:15     | Reached XP level 17. HP: 149/149 MP: 13/34
 37561 | Snake:1  | Entered Level 1 of the Snake Pit
 38419 | Snake:1  | Noticed Aizul
 38431 | Snake:1  | Killed from afar by Aizul

Vault maps used:
D:1:      dpeg_arrival_chambers_temple_mockup
D:2:      first_bread, uniq_terence
D:3:      gup_sewer_entry_bowl
D:4:      minmay_misc_feat_ornament
D:5:      chequers_big_river, minmay_gold_behind_fungi, grunt_ministairs_9,
          kennysheep_diamond, grunt_qazlal_sundering, uniq_duvessa,
          uniq_prince_ribbit1, uniq_grinder, uniq_edmund
D:6:      serial_shops, shop_statue, trog_butcher_becter, uniq_blork_the_orc,
          uniq_menkaure
D:7:      minmay_temple_entry_nine_rooms, serial_curves, eino_curves_03,
          eino_curves_02, basic_altar, grunt_ogre_cave, hangedman_glass_teeth,
          trog_three_pillars_becter
D:8:      due_lair_maze_entry_diamond, columned_hall_lemuel
D:9:      dancing_weapons_uskayaw, kennysheep_generic_room_9
D:10:     erik_orc_1, serial_shops, shop, minmay_misc_feat_more_columns
D:11:     regret_index_wax_grids, abandoned_shop
D:12:     lab_entry_generic, uniq_maurice, uniq_nessos
D:13:     david_vaults_2, hangedman_decor_peaks_small
D:14:     hangedman_abyss_or_decor_stabs, serial_shops, shop, uniq_frances
D:15:     grunt_enter_depths_hoard, minmay_misc_feat_iff, uniq_louise,
          uniq_roxanne
Temple:   kilobyte_greek_temple
Lair:1:   dragon1_lemuel, lightli_volcano_entry_magma_tube
Lair:2:   elwin_shoals_entry_rocks, minmay_snake_entry_guardpost_medium,
          serial_bayou_shore_a, infiniplex_staircase_pool_2,
          serial_bayou_shore_b, minmay_lair_oklob_chamber, lemuel_fruit_tree
Lair:3:   beast_lair_carwin_5, grunt_megastairs_3, uniq_urug, uniq_rupert,
          uniq_fannar
Lair:4:   portal_ice_cave_rime, st_stairs_5
Lair:5:   kennysheep_snail_temple
Lair:6:   due_jungle_book, slime_altar_1
Snake:1:  uniq_aizul
Orc:1:    serial_shops, shop, uniq_erica, uniq_nergalle
Orc:2:    grunt_orc_tribal_feast, basic_altar, serial_shops, shop,
          minmay_orc_keep, uniq_josephine, uniq_donald
Lab:      lab_hedge, nicolae_lab_arrow, nicolae_lab_lava, nicolae_lab_diamond,
          lab_fountain
Sewer:    sewer_frog_island_01
IceCv:    ice_cave_caverns_01
Volcano:  volcano_grotto

Skill      XL: |  1  2  3  4  5  6  7  8  9 10 11 12 13 14 15 16 17 |
---------------+----------------------------------------------------+-----
Ice Magic      | 3 4 5 10 11 12 13 14 15 16 | 16.3
Conjurations   | 1 2 3 6 7 9 10 11 12 | 12.3
Spellcasting   | 3 4 8 9 10 11 12 13 14 | 14.0
Fighting       | 1 2 3 4 5 |  5.1
Armour         | 4 5 |  5.3
Dodging        | 5 |  5.0
Shields        | 4 5 6 |  6.2
Staves         | 1 |  1.4
Invocations    | 3 5 7 9 |  9.0
Earth Magic    | 3 5 6 8 |  8.1
Stealth        | |  1.4

Action                   |  1- 3 |  4- 6 |  7- 9 | 10-12 | 13-15 | 16-18 || total
-------------------------+-------+-------+-------+-------+-------+-------++-------
Melee: Unarmed           |     8 |       |       |       |       |       ||     8
       Club              |    29 |    14 |    30 |       |       |       ||    73
       Rapier            |       |       |    11 |   113 |    24 |       ||   148
       Staff             |       |       |       |    50 |    13 |     1 ||    64
 Cast: Freeze            |    56 |   110 |    89 |   576 |   170 |    22 ||  1023
       Throw Icicle      |       |       |       |   217 |   499 |   247 ||   963
       Throw Frost       |       |       |       |    48 |    47 |     5 ||   100
       Ozocubu's Armour  |       |       |       |     2 |       |     1 ||     3
       Ozocubu's Refrige |       |       |       |       |    28 |    17 ||    45
       Bolt of Cold      |       |       |       |       |    19 |    16 ||    35
       Lee's Rapid Decon |       |       |       |       |       |    30 ||    30
       Stone Arrow       |       |       |       |       |       |    10 ||    10
       Iron Shot         |       |       |       |       |       |     2 ||     2
       Freezing Cloud    |       |       |       |       |       |     3 ||     3
Invok: Channel Magic     |       |       |       |     6 |    21 |     7 ||    34
       Divine Energy     |       |       |       |       |     1 |       ||     1
       Stop Divine Energ |       |       |       |       |     1 |       ||     1
Evoke: Wand              |       |       |       |     8 |     9 |     5 ||    22
  Use: Scroll            |     9 |     3 |     4 |    13 |    16 |     7 ||    52
       Potion            |       |       |     4 |     5 |     9 |     2 ||    20
 Stab: Sleeping          |       |       |       |     1 |       |       ||     1
  Eat: Chunk             |     1 |     7 |     2 |    40 |    38 |    14 ||   102
       Meat ration       |       |       |     1 |     2 |     3 |     2 ||     8
       Royal jelly       |       |       |       |     3 |     4 |     1 ||     8
       Fruit             |       |       |       |     3 |     4 |     7 ||    14
Armor: Robe              |    28 |    18 |    30 |    90 |       |       ||   166
       Troll leather arm |       |       |       |   126 |   126 |    36 ||   288
Dodge: Dodged            |    48 |    52 |    58 |   416 |   206 |    65 ||   845
